Map: Abyssal Reef LE

Players

Railgan - Winner!

  • Race: Zerg Zerg
  • League: Grandmaster
  • Spawn Location: 11:00

llllllllllll

  • Race: Protoss Protoss
  • League: Master
  • Spawn Location: 5:00

VOD

Have the link to the VOD?

Description

Time

  • Played on: March 19, 2017, 4:15 p.m.
  • Length: 10:55
Show
View Real Time Build Order
Export as new Build Order

Railgan Zerg - Winner!

Build Orders: Hatch First, Swarm Host 

Get SALT Encoding   

  12  0:02  Drone  
  13  0:13  Overlord  
  13  0:17  Drone  
  14  0:32  Drone x2  
  16  0:37  Drone  
  17  0:51  Drone  
  18  0:58  Drone  
  19  1:05  Extractor, Hatchery  
  17  1:16  Spawning Pool  
  17  1:18  Drone  
  17  1:21  Drone  
  19  1:32  Drone  
  19  1:42  Overlord  
  19  2:00  Drone  
  20  2:03  Drone  
  20  2:04  Queen  
  23  2:13  Zergling x2  
  24  2:17  Queen  
  24  2:18  Drone  
  24  2:19  Metabolic Boost  
  27  2:23  Drone  
  27  2:28  Drone  
  29  2:34  Drone  
  30  2:39  Drone  
  31  2:44  Overlord  
  31  2:45  Queen  
  31  2:48  Evolution Chamber  
  31  2:49  Drone  
  33  2:54  Queen  
  33  2:57  Zergling x2  
  36  3:04  Zergling x2  
  37  3:06  Drone  
  38  3:16  Drone  
  38  3:17  Drone x2  
  38  3:19  Overlord  
  40  3:21  Drone  
  40  3:25  Zerg Melee Weapons Level 1  
  41  3:28  Drone x3  
  44  3:39  Overlord  
  44  3:40  Drone  
  45  3:41  Drone  
  45  3:42  Drone  
  45  3:46  Lair  
  47  3:48  Extractor  
  47  3:50  Extractor  
  47  3:54  Roach Warren  
  44  4:00  Drone x3  
  46  4:03  Drone x2  
  46  4:05  Drone x2  
  46  4:07  Drone  
  50  4:10  Drone x2  
  50  4:15  Drone  
  50  4:16  Drone  
  54  4:27  Drone x2  
  56  4:38  Extractor, Drone  
  56  4:39  Drone x2  
  56  4:40  Zergling x2  
  56  4:41  Hatchery, Zergling x2  
  56  4:42  Overlord  
  56  4:44  Spore Crawler  
  58  4:47  Spore Crawler  
  58  4:50  Overlord  
  57  4:54  Overlord  
  57  4:56  Roach  
  59  5:01  Drone  
  60  5:07  Roach x2  
  60  5:12  Overlord  
  60  5:13  Spore Crawler  
  63  5:15  Roach x2  
  63  5:17  Glial Reconstitution  
  63  5:18  Infestation Pit  
  66  5:25  Zergling x2  
  66  5:26  Zergling x2  
  68  5:39  Drone  
  68  5:41  Zerg Melee Weapons Level 2  
  67  5:55  Swarm Host x7  
  88  6:00  Drone x5  
  93  6:07  Queen  
  93  6:10  Overlord  
  95  6:15  Overlord  
  95  6:21  Overlord x2  
  95  6:25  Baneling Nest, Overlord x2  
  94  6:29  Overlord  
  94  6:34  Extractor x2  
  94  6:36  Drone, Pathogen Glands  
  94  6:37  Drone  
  95  6:40  Drone x2  
  96  6:48  Drone  
  96  6:49  Drone x5  
  94  7:04  Swarm Host x5  
  94  7:05  Swarm Host  
  94  7:07  Zergling x2  
  109  7:14  Swarm Host  
  109  7:15  Swarm Host x2  
  118  7:18  Overlord  
  118  7:28  Zergling x2  
  118  7:29  Centrifical Hooks, Zergling x4  
  121  7:31  Baneling  
  121  7:32  Baneling  
  121  7:34  Zergling x2  
  122  7:42  Drone, Burrow  
  122  7:43  Drone  
  124  7:45  Drone  
  124  7:49  Zergling x2  
  127  7:51  Zergling x2  
  127  7:54  Drone  
  127  7:55  Hatchery  
  127  7:56  Hydralisk Den  
  127  7:57  Zergling x10  
  127  7:58  Zerg Missile Weapons Level 1  
  131  8:00  Zergling x2  
  131  8:05  Zergling x4  
  127  8:27  Hydralisk x7, Muscular Augments  
  127  8:28  Hydralisk  
  127  8:29  Overlord  
  127  8:30  Drone x3  
  127  8:31  Drone  
  147  8:37  Overseer  
  147  8:44  Hydralisk x3  
  153  8:54  Hydralisk x4  
  161  9:01  Overlord x2  
  161  9:02  Overlord  
  161  9:07  Baneling x3  
  161  9:10  Zergling x4  
  161  9:11  Zergling x10  
  161  9:13  Overlord  
  161  9:15  Hydralisk  
  166  9:17  Overlord  
  161  9:30  Hydralisk x5  
  161  9:35  Zergling x10  
  161  9:37  Overseer  
  164  9:44  Hydralisk  
  164  9:45  Hydralisk x2  
  160  9:53  Hydralisk x3  
  160  9:55  Hydralisk  
  160  9:58  Drone, Overlord  
  163  10:15  Zergling x2  
  163  10:16  Zergling x16  
  168  10:22  Hydralisk  
  168  10:23  Hydralisk x3  
  176  10:34  Zergling x18  
  185  10:36  Overlord  
Show
View Real Time Build Order
Export as new Build Order

llllllllllll Protoss 

Build Orders: 1 Gate Expand 

Get SALT Encoding   

  12  0:00  Probe (Chrono Boost)  
  13  0:11  Probe (Chrono Boost)  
  14  0:19  Pylon  
  14  0:22  Probe (Chrono Boost)  
  15  0:37  Probe (Chrono Boost)  
  15  0:40  Gateway  
  16  0:48  Probe (Chrono Boost)  
  17  0:59  Probe (Chrono Boost)  
  18  1:09  Probe (Chrono Boost)  
  19  1:21  Nexus  
  19  1:24  Probe (Chrono Boost)  
  20  1:30  Assimilator  
  20  1:35  Assimilator  
  20  1:38  Probe (Chrono Boost)  
  21  1:49  Cybernetics Core  
  21  1:54  Pylon  
  21  1:57  Probe (Chrono Boost)  
  22  2:07  Probe (Chrono Boost)  
  23  2:11  Gateway  
  23  2:19  Pylon  
  23  2:27  Stalker  
  25  2:32  Warp Gate  
  25  2:34  Probe (Chrono Boost)  
  26  2:39  Probe (Chrono Boost)  
  27  2:45  Probe (Chrono Boost)  
  27  2:49  Probe (Chrono Boost)  
  29  2:53  Pylon  
  29  2:57  Probe (Chrono Boost), Sentry  
  32  3:03  Assimilator  
  33  3:05  Probe (Chrono Boost)  
  33  3:09  Probe (Chrono Boost)  
  34  3:18  Probe (Chrono Boost)  
  36  3:20  Probe (Chrono Boost)  
  36  3:25  Stargate  
  36  3:28  Probe (Chrono Boost)  
  36  3:33  Twilight Council  
  37  3:36  Assimilator  
  37  3:37  Probe (Chrono Boost)  
  39  3:41  Probe (Chrono Boost)  
  39  3:48  Probe (Chrono Boost)  
  40  3:50  Pylon  
  40  3:52  Mothership Core (Chrono Boost)  
  42  3:58  Probe (Chrono Boost)  
  42  4:12  Probe (Chrono Boost)  
  42  4:13  Probe (Chrono Boost)  
  42  4:16  Phoenix  
  46  4:22  Probe (Chrono Boost)  
  46  4:24  Probe (Chrono Boost)  
  48  4:33  Probe (Chrono Boost)  
  48  4:35  Gateway  
  48  4:36  Gateway, Probe (Chrono Boost)  
  50  4:41  Phoenix  
  50  4:43  Probe (Chrono Boost)  
  53  4:46  Blink  
  53  4:56  Templar Archives  
  53  5:00  Probe x2 (Chrono Boost)  
  53  5:03  Forge  
  53  5:06  Pylon  
  57  5:16  Nexus  
  57  5:17  Probe (Chrono Boost)  
  57  5:20  Pylon  
  56  5:32  Psionic Storm, Stalker x2  
  60  5:50  Protoss Ground Weapons Level 1  
  60  5:51  Pylon, High Templar x2  
  64  5:58  Stalker  
  64  5:59  Stalker  
  68  6:22  High Templar  
  68  6:25  Forge  
  70  6:26  Pylon  
  70  6:28  High Templar  
  70  6:29  Stalker  
  70  6:30  Pylon, Probe (Chrono Boost)  
  70  6:32  Probe x2 (Chrono Boost)  
  77  6:39  Phoenix  
  79  6:41  Probe (Chrono Boost)  
  79  6:44  Probe (Chrono Boost), Stalker  
  84  6:47  Probe (Chrono Boost)  
  84  6:48  Assimilator  
  84  6:49  Assimilator  
  84  6:51  Probe (Chrono Boost)  
  85  6:56  Probe (Chrono Boost)  
  85  6:59  Probe (Chrono Boost)  
  85  7:07  High Templar  
  85  7:08  Stalker x2  
  81  7:17  Stalker  
  81  7:19  Probe (Chrono Boost)  
  81  7:20  Probe (Chrono Boost)  
  85  7:26  Phoenix  
  85  7:29  Probe (Chrono Boost)  
  86  7:32  Probe (Chrono Boost)  
  86  7:33  Nexus  
  87  7:40  Probe (Chrono Boost), Stalker x2  
  93  7:44  Probe (Chrono Boost)  
  93  7:50  Probe (Chrono Boost)  
  94  7:56  Probe (Chrono Boost)  
  94  7:57  High Templar  
  97  8:01  Probe (Chrono Boost)  
  98  8:08  Probe (Chrono Boost)  
  98  8:10  Phoenix  
  98  8:11  Probe (Chrono Boost)  
  101  8:20  Probe (Chrono Boost)  
  101  8:28  High Templar  
  101  8:29  Zealot x2  
  101  8:32  Probe (Chrono Boost)  
  101  8:33  Probe (Chrono Boost)  
  109  8:36  Pylon  
  109  8:42  Probe (Chrono Boost), Phoenix  
  109  8:47  Probe (Chrono Boost)  
  113  8:50  Stalker x2  
  113  8:53  Probe (Chrono Boost)  
  117  9:00  Pylon  
  117  9:01  Pylon  
  117  9:02  Pylon, Probe (Chrono Boost)  
  110  9:15  Phoenix  
  110  9:19  Probe (Chrono Boost)  
  110  9:20  Probe (Chrono Boost)  
  112  9:29  Probe (Chrono Boost)  
  54  10:08  High Templar x4  
  60  10:18  Archon  
  60  10:19  Archon  
Tags
 
Add a new tag
Caveats
  • Supply blocks, unpowered buildings, or Contaminate may cause inaccurate times.
  • Supply counts are checked every 10 seconds.